 Dungeon Crawl Stone Soup version 0.24-a0-613-g1ff6aac338 (webtiles) character file.

Game seed: 14048348439723257019, levelgen mode: deterministic

3 MenacingMecha the Charmwright (level 1, 0/14 HPs)
             Began as a Halfling Skald on Sept 11, 2019.
             Slain by a kobold
             ... wielding a +0 short sword
              (3 damage)
             ... on level 1 of the Dungeon.
             The game lasted 00:00:14 (93 turns).

MenacingMecha the Charmwright (Halfling Skald)        Turns: 93, Time: 00:00:15

Health: 0/14       AC:  3    Str: 12    XL:     1   Next: 55%
Magic:  2/3        EV: 14    Int: 11    God:
Gold:   0          SH:  0    Dex: 13    Spells: 2/3 levels left

rFire    . . .     SeeInvis .   a - +0 short sword
rCold    . . .     Gourm    .   (shield restricted)
rNeg     . . .     Faith    .   b - +0 leather armour
rPois    .         Spirit   .   (no helmet)
rElec    .         Reflect  .   (no cloak)
rCorr    .         Harm     .   (no gloves)
MR       .....                  (no boots)
Stlth    +.........             (no amulet)
HPRegen  0.04/turn              (no ring)
MPRegen  0.08/turn              (no ring)

@: infused
A: small, mutation resistance 1
a: no special abilities


You were on level 1 of the Dungeon.
You were not hungry.

You visited 1 branch of the dungeon, and saw 1 of its levels.

Inventory:

Hand Weapons
 a - a +0 short sword (weapon)
Armour
 b - a +0 leather armour (worn)
Comestibles
 c - a chunk of flesh
 d - a ration


   Skills:
 - Level 1.7 Fighting
 + Level 2.5 Short Blades
 - Level 1.1 Armour
 - Level 2.1 Dodging
 - Level 1.5 Spellcasting
 + Level 3.5 Charms


You had 2 spell levels left.
You knew the following spells:

 Your Spells              Type           Power        Failure   Level  Hunger
a - Infusion              Chrm           #...         10%         1    ##.....

Your spell library contained the following spells:

 Spells                   Type           Power        Failure   Level  Hunger
 Song of Slaying          Chrm           #.......     14%         2    ###....
 Shroud of Golubria       Chrm/Tloc      #.....       28%         2    ###....
 Regeneration             Chrm/Necr      #.........   50%         3    ####...
 Spectral Weapon          Hex/Chrm       #.......     50%         3    ####...


Dungeon Overview and Level Annotations

Branches:
Dungeon (1/15)

Altars:


Innate Abilities, Weirdness & Mutations

You are small and have problems with some larger weapons.
You are somewhat resistant to further mutation.


Message History

Will you prevail where others failed? Will you find the Orb of Zot?
Press ? for a list of commands and other information.
Found a staircase leading out of the dungeon.
There is a staircase leading out of the dungeon here.
There is a staircase leading out of the dungeon here.
You open the door.
A bat comes into view.
There is an open door here.
You barely miss the bat. The bat barely misses you.
The bat hits you but does no damage. The bat completely misses you.
You hit the bat.
The bat is severely wounded.
The bat completely misses you. The bat hits you but does no damage.
The bat barely misses you. The bat closely misses you.
You hit the bat.
You kill the bat!
You see here a bat corpse.
You see here a bat corpse.
You butcher the bat corpse.
c - a chunk of flesh You see here a bat skeleton.
A bat comes into view.
A bat is nearby!
A bat comes into view.
The bat closely misses you. The bat closely misses you.
The bat hits you but does no damage. The bat completely misses you.
You barely miss the bat.
The bat closely misses you. x2; The bat hits you.
You completely miss the bat. The bat hits you but does no damage.
The bat barely misses you.
You hit the bat.
The bat is moderately wounded.
The bat hits you but does no damage. The bat misses you. The bat misses you.
The bat closely misses you. The bat misses you. The bat closely misses you.
The bat hits you. The bat barely misses you. The bat misses you.
You barely miss the bat. The bat barely misses you.
The bat closely misses you. x2
You completely miss the bat. The bat barely misses you.
The bat completely misses you. The bat misses you.
You closely miss the bat. The bat hits you but does no damage.
The bat misses you.
You barely miss the bat. The bat hits you. The bat barely misses you.
You barely miss the bat. The bat hits you but does no damage. x2
You barely miss the bat. The bat closely misses you.
You miss the bat. The bat hits you. The bat misses you.
You closely miss the bat. The bat misses you. The bat barely misses you.
You hit the bat.
You kill the bat!
The bat closely misses you.
You hit the bat but do no damage. The bat barely misses you.
You hit the bat.
The bat is severely wounded.
The bat completely misses you.
You closely miss the bat.
The bat is severely wounded.
The bat closely misses you.
You barely miss the bat.
The bat is moderately wounded.
The bat misses you.
A kobold comes into view.
The bat closely misses you.
Found an escape hatch in the floor.
The kobold shouts!
The bat barely misses you. The bat hits you but does no damage.
A hobgoblin comes into view.
The hobgoblin shouts!
You hit the bat.
You kill the bat!
A kobold comes into view. It is wielding a +0 short sword.
You hit the kobold.
You kill the kobold!
A leopard gecko comes into view.
The hobgoblin hits you.
You are too injured to fight recklessly!
You are too injured to fight recklessly!
You are too injured to fight recklessly!
You are too injured to fight recklessly!
You are too injured to fight recklessly!
You are too injured to fight recklessly!
You are too injured to fight recklessly!
You are too injured to fight recklessly!
You are too injured to fight recklessly!
You are too injured to fight recklessly!
You are too injured to fight recklessly!
You are too injured to fight recklessly!
You are too injured to fight recklessly!
You hit the hobgoblin but do no damage. The hobgoblin barely misses you.
The hobgoblin barely misses you. The kobold closely misses you.
Casting: Infusion (safe; 10% risk of failure)
Confirm with . or Enter, or press ? or * to list all spells.
You begin infusing your attacks with magical energy.
The kobold closely misses you.
You barely miss the kobold.
The kobold hits you with a +0 short sword.
* * * LOW HITPOINT WARNING * * *
You closely miss the kobold.
The kobold hits you with a +0 short sword.
You die...

#.# #.#### #.##..
#.##.# #.##.##
#..... .# # #.##.#
#.#
....#######.##@#
#.#
#...........##K#
###.#
..#.####(....lg#
##...##
#.#####.###.....##
#.#
#.......†....##
#.#
#.###.........##
#.#...
#......†...# #.#.#
#..........# #.#.
............#>#


You could see a leopard gecko, a hobgoblin and a kobold.

Vanquished Creatures
  3 bats (D:1)
  A kobold (D:1)
4 creatures vanquished.

Notes
Turn   | Place    | Note
-------+----------+-------------------------------------------
     0 | D:1      | MenacingMecha the Halfling Skald began the quest for the
                  | Orb.
     0 | D:1      | Reached XP level 1. HP: 14/14 MP: 3/3
    92 | D:1      | HP: 3/14 [kobold/+0 short sword (3)]
    93 | D:1      | Slain by a kobold

Levels and vault maps discovered:
D:1:      tarquinn_simple_flora_water_d, layout_loops_ring, minmay_crystal_water

Action                   || total
-------------------------++-------
Melee: Short sword       ||    24
 Cast: Infusion          ||     1
Armor: Leather armour    ||     9
Dodge: Dodged            ||    41

Table legend:
 A = Non-vault XP
 B = Vault XP
 C = Vault XP percentage of total XP
 D = Non-vault monster count
 E = Vault monster count
 F = Vault count percentage of total count
                 A         B        C        D         E       F
            +---------+---------+-------+---------+---------+-------
      Total |       5 |       0 |   0.0 |       4 |       0 |   0.0
            +---------+---------+-------+---------+---------+-------
        D:1 |       5 |       0 |   0.0 |       4 |       0 |   0.0
            +---------+---------+-------+---------+---------+-------

Levels and vault maps discovered:
D:1:      tarquinn_simple_flora_water_d, layout_loops_ring, minmay_crystal_water

Table legend:
 A = Turns spent in this place as a percentage of turns spent in the entire game.
 B = Non-inter-level travel turns spent in this place as a percentage of non-inter-level travel turns spent in the entire game.
 C = Inter-level travel turns spent in this place as a percentage of turns spent in this place.
 D = Turns resting spent in this place as a percentage of non-inter-level travel turns spent in this place.
 E = Turns spent auto-exploring this place as a percentage of non-inter-level travel turns spent in this place.
 F = Non-inter-level travel turns spent in this place divided by the number of levels of this place that you've seen.
                   A       B       C       D       E      F
               +-------+-------+-------+-------+-------+----------------------
         Total | 100.0 | 100.0 |   0.0 |   0.0 |  40.9 |  93.0
       Dungeon | 100.0 | 100.0 |   0.0 |   0.0 |  40.9 |  93.0
               +-------+-------+-------+-------+-------+----------------------

Table legend:
 A = Kills in this place as a percentage of kills in entire the game.
 B = Kills by you in this place as a percentage of kills by you in the entire game.
 C = Kills by friends in this place as a percentage of kills by friends in the entire game.
 D = Other kills in this place as a percentage of other kills in the entire game.
 E = Experience gained in this place as a percentage of experience gained in the entire game.
 F = Experience gained in this place divided by the number of levels of this place that you have seen.
                   A       B       C       D       E      F
               +-------+-------+-------+-------+-------+----------------------
         Total | 100.0 | 100.0 |   N/A |   N/A | 100.0 |   5.0
       Dungeon | 100.0 | 100.0 |   N/A |   N/A | 100.0 |   5.0
               +-------+-------+-------+-------+-------+----------------------
